Cogmind - Beta 11 @@@ ROGUE MODE // 2022.04.07 @ 18:08:37 Player: Turbografx16 Result: Self-destructed Performance ------------- Evolutions (3) 1500 Regions Visited (7) 1400 Robots Destroyed (90) 450 Value Destroyed (2789) 2789 Prototype IDs (11) 220 Alien Tech Used (0) 0 Bonus (1188) 1188 TOTAL SCORE: 7547 Bonus ------- High Alert Combat Kills 258 Follower Combat Kills 658 Aligned with FarCom 300 Friendly Fire -28 Cogmind --------- Core Integrity 672/700 Matter 254/300 Energy 310/310 System Corruption 2% Temperature Cool (0) Movement Treading (170) Location -7/Factory Parts ------- > --- POWER (1) -------- Heavy Deuterium Engine > --- PROPULSION (3) --- Armored Treads Armored Treads Armored Treads > --- UTILITY (6) ------ Improved Heat Sink Medium Storage Unit Advanced Targeting Computer Kinecellerator Transmission Jammer Medium Armor Plating > --- WEAPON (3) ------- Heavy Particle Gun Heavy Ion Cannon Cooled Particle Cannon > --- INVENTORY (10) --- Armored Treads Armored Treads Splice Drone Bay (6/6) AWS/Thermal Firepult Gauss Rifle Precision Rocket Launcher Remote Datajack Peak State ------------ > --- POWER ------------ Heavy Deuterium Engine > --- PROPULSION ------- Armored Treads Armored Treads Armored Treads > --- UTILITY ---------- Improved Heat Sink Medium Storage Unit Advanced Targeting Computer Kinecellerator Transmission Jammer Medium Armor Plating > --- WEAPON ----------- Heavy Particle Gun Heavy Ion Cannon Cooled Particle Cannon > --- INVENTORY -------- Armored Treads Splice Drone Bay AWS/Thermal Firepult Gauss Rifle Precision Rocket Launcher Remote Datajack [Rating: 50] Favorites ----------- Power Micro Nuclear Core Engine Deuterium Engine Power Core Micro Nuclear Core Propulsion Armored Treads Treads Armored Treads Leg Aluminum Leg Hover Unit Aerolev Unit Utility Medium Storage Unit Device Kinecellerator Storage Medium Storage Unit Processor Advanced Targeting Computer Hackware System Shield Protection Hardened Medium Armor Plating Weapon Flak Gun Energy Gun AWS/Thermal Energy Cannon Heavy Ion Cannon Ballistic Gun Flak Gun Launcher Grenade Launcher Special Weapon Remote Datajack Build | -11 -10 -10 -10 -9 -8 -8 -7 ------- Run | Scr Mat Min Exi Min Mat Sto Fac Slots Evolved 6 | . . . . . 4 . 2 Power . | . . . . . . . . Propulsion 1 | . . . . . 1 . . Utility 4 | . . . . . 2 . 2 Weapon 1 | . . . . . 1 . . Parts Attached 70 | . 6 4 5 . 27 14 14 Power 7 | . 1 1 1 . 2 1 1 Engine 5 | . 1 1 . . 1 1 1 Core 2 | . . . 1 . 1 . . Reactor . | . . . . . . . . Propulsion 12 | . 1 1 2 . 2 6 . Treads 9 | . . . 2 . 2 5 . Leg 2 | . 1 1 . . . . . Wheel . | . . . . . . . . Hover 1 | . . . . . . 1 . Flight . | . . . . . . . . Utility 25 | . 2 2 . . 12 3 6 Device 10 | . . 1 . . 4 2 3 Storage 4 | . . 1 . . 1 . 2 Processor 4 | . 2 . . . 2 . . Hackware 2 | . . . . . 2 . . Protection 5 | . . . . . 3 1 1 Artifact . | . . . . . . . . Weapon 26 | . 2 . 2 . 11 4 7 Energy Gun 4 | . . . . . 2 . 2 Energy Cannon 4 | . . . . . 1 . 3 Ballistic Gun 13 | . . . . . 8 3 2 Ballistic Cannon . | . . . . . . . . Launcher 4 | . 2 . 1 . . 1 . Special Weapon 1 | . . . 1 . . . . Impact Weapon . | . . . . . . . . Slashing Weapon . | . . . . . . . . Piercing Weapon . | . . . . . . . . Special Melee Weapon . | . . . . . . . . Unidentified Prototypes 11 | . 1 1 . . 3 3 3 Parts Lost 8 | . 3 1 . . 1 3 . Power 1 | . . . . . . 1 . Propulsion 2 | . 1 1 . . . . . Utility 3 | . 1 . . . 1 1 . Weapon 2 | . 1 . . . . 1 . Highest Loss Streak 3 | . 1 1 . . 1 3 . To Critical Strikes . | . . . . . . . . Average Slot Usage (%) 93 | . 90 88 100 100 92 97 93 Engine 6 | . 14 14 12 . . 1 7 Core 4 | . . . 1 14 8 7 . Treads 16 | . . . 9 28 26 26 23 Leg 7 | . 27 16 18 . . . . Device 5 | . . 5 . . 2 8 16 Storage 14 | . 14 22 28 28 10 9 7 Processor 4 | . 6 . . . 5 9 7 Hackware 1 | . . . . . 7 . . Protection 4 | . . . . . 8 8 7 Energy Gun 2 | . 10 . . . 4 . 4 Energy Cannon 1 | . . . . . . . 13 Ballistic Gun 10 | . 11 . . . 14 25 3 Launcher 8 | . 5 28 26 14 . . . Special Weapon 1 | . . . 1 14 2 . . Naked Turns . | . . . . . . . . Heaviest Build 52 | 12 19 27 21 18 49 40 52 Greatest Support 62 | 20 20 20 40 40 62 62 60 Greatest Overweight (x) 11 | . . 2 1 . . 11 . Average Overweight (x) . | . . 1 . . . . . Largest Inventory Capacity 25 | 8 8 8 8 8 10 10 25 Average Capacity 9 | 8 8 8 8 8 9 10 10 Most Carried 10 | 5 7 8 8 8 10 10 10 Average Carried 7 | 4 4 6 7 8 8 9 8 Final Capacity 10 | 8 8 8 8 8 10 10 10 Final Carried 10 | 3 6 7 8 8 10 8 10 Class Distribution -------------------- 50% | Mutant 20% | Gunner 10% | Bomber 10% | Scavenger-Skirmisher 5% | Scavenger-Mutant Dominant Class ---------------- Mutant | -10/Materials Mutant | -10/Mines Mutant | -10/Exiles Mutant | -9/Mines Scavenger-Skirmisher | -8/Materials Bomber | -8/Storage Gunner | -7/Factory Resources | -11 -10 -10 -10 -9 -8 -8 -7 ----------- Run | Scr Mat Min Exi Min Mat Sto Fac Matter Collected 2081 | 200 106 88 105 25 470 978 109 Remotely . | . . . . . . . . Salvage Created 3124 | . 370 12 165 4 742 1647 184 Parts 194 | . 27 5 9 . 46 91 16 Haulers Intercepted 5 | . . . . . 1 4 . Recyclers Shooed 2 | . . . . . . 2 . Parts Field Recycled . | . . . . . . . . Retrieved Matter . | . . . . . . . . Parts Self-Destructed . | . . . . . . . . Prevented . | . . . . . . . . Kills | -11 -10 -10 -10 -9 -8 -8 -7 ------- Run | Scr Mat Min Exi Min Mat Sto Fac Combat Hostiles Destroyed 71 | . 12 3 6 1 18 26 5 Guns 57 | . 10 . . . 18 26 3 Cannons 2 | . . . . . . . 2 AOE 12 | . 2 3 6 1 . . . Classes Destroyed 16 | . 4 . 1 . 6 4 1 Worker 3 | . 1 . . . . 2 . Builder 1 | . . . . . . 1 . Tunneler 1 | . . . . . 1 . . Hauler 5 | . . . . . 1 4 . Recycler 3 | . . . . . . 3 . Operator 1 | . . . . . . 1 . Watcher 5 | . 1 . . . 2 2 . Swarmer 19 | . 6 3 . 1 6 . 3 Grunt 29 | . 6 . 5 . 7 11 . Brawler 1 | . . . 1 . . . . Duelist 2 | . . . . . 1 1 . Protector 1 | . . . . . . 1 . Sentry 16 | . . . . . 2 13 1 Hunter 1 | . . . . . 1 . . Programmer 1 | . . . . . . . 1 Heavy 1 | . . . . . 1 . . Best Kill Streak 6 | . 5 3 6 1 5 4 3 Combat Bots Only 6 | . 5 3 6 1 4 4 3 Max Kills in Single Turn 4 | . 2 2 4 1 2 3 1 Gunslinging . | . . . . . . . . Exploded 4 | . 1 2 4 1 . . . Melee . | . . . . . . . . Uniques/NPCs Destroyed . | . . . . . . . . Combat | -11 -10 -10 -10 -9 -8 -8 -7 -------- Run | Scr Mat Min Exi Min Mat Sto Fac Damage Taken 2947 | . 490 71 245 . 411 1534 196 Core 387 | . 60 16 23 . 13 247 28 Absorbed by Shields . | . . . . . . . . Core Remaining (%) 70 | 100 . . . 60 . 52 . Volleys Fired 133 | . 38 2 2 1 21 61 8 Largest 3 | . 2 2 2 1 3 3 3 Hottest 150 | . 60 60 60 30 84 84 150 Shots Fired 352 | . 70 4 4 1 77 172 24 Gun 320 | . 64 . . . 76 172 8 Cannon 16 | . . . . . . . 16 Launcher 16 | . 6 4 4 1 1 . . Special . | . . . . . . . . Kinetic 242 | . 35 . . . 34 172 1 Thermal 65 | . . . . . 42 . 23 Explosive 16 | . 6 4 4 1 1 . . Electromagnetic 29 | . 29 . . . . . . Robot Hit Streak 24 | . 9 2 4 . 13 24 7 Robot Miss Streak 7 | . 5 2 . 1 3 7 3 Penetration Max 1 | . . . . . 1 1 . Secondary Targets 3 | . 1 . . . 1 1 . Max Gunslinging Chain 1 | . 1 . . . 1 1 . Autonomous 42 | . . . . . 42 . . Shots Hit Robots 235 | . 36 2 2 . 65 116 14 Core Hits 222 | . 22 3 15 1 43 130 8 Critical Kills . | . . . . . . . . Critical Parts Destroyed 2 | . . . . . . 2 . Critical Strikes 3 | . 1 . . . . 2 . Destroy 2 | . . . . . . 2 . Corrupt 1 | . 1 . . . . . . Melee Attacks . | . . . . . . . . Impact . | . . . . . . . . Slashing . | . . . . . . . . Piercing . | . . . . . . . . Sneak Attacks . | . . . . . . . . Combat Hostiles . | . . . . . . . . Follow-up Attacks . | . . . . . . . . Damage Inflicted 6394 | . 804 156 513 28 1755 2730 408 Guns 4929 | . 462 . . . 1717 2600 150 Cannons 249 | . . . . . . . 249 Explosions 1195 | . 342 156 513 28 38 118 . Melee . | . . . . . . . . Ramming 21 | . . . . . . 12 9 Kinetic 3488 | . 229 . . . 636 2600 23 Thermal 1578 | . 121 . . . 1081 . 376 Explosive 1074 | . 221 156 513 28 38 118 . Electromagnetic 233 | . 233 . . . . . . Impact . | . . . . . . . . Slashing . | . . . . . . . . Piercing . | . . . . . . . . Highest Corruption 3 | . . . . . 1 3 2 Average Corruption 1 | . . . . . 1 2 1 Corruption Purged . | . . . . . . . . Corruption Blocked . | . . . . . . . . Effects 30 | . . . . . 2 19 9 Message Errors 13 | . . . . . 1 9 3 Matter Fused 6 | . . . . . . 4 2 Heat Flow Errors 1 | . . . . . . 1 . Energy Discharges 4 | . . . . . . 2 2 Data Loss (minor) 6 | . . . . . 1 3 2 Overload Shots . | . . . . . . . . Overflow Damage 110 | . 14 9 . 4 . 60 23 Projectiles 23 | . . . . . . . 23 Explosions 87 | . 14 9 . 4 . 60 . Melee . | . . . . . . . . Knockbacks 1 | . . . . . . 1 . Impact 1 | . . . . . . 1 . Kinetic . | . . . . . . . . Secondary . | . . . . . . . . Self-Inflicted Damage 294 | . 101 51 . . . 142 . Shots 8 | . 4 2 . . . 2 . Rammed 2 | . . . . . . 1 1 Targets Rammed 2 | . . . . . . 1 1 Kicked . | . . . . . . . . Crushed . | . . . . . . . . Highest Temperature 259 | . 26 . 13 . 89 259 84 Average Temperature 47 | . 11 . 8 . 27 56 40 Received Heat Transfer 1008 | . 141 . 66 . 126 657 18 Siege Activations . | . . . . . . . . Robots Corrupted . | . . . . . . . . Combat Hostiles . | . . . . . . . . Parts Fried 1 | . 1 . . . . . . Impact Corruptions . | . . . . . . . . Robots Melted . | . . . . . . . . Combat Hostiles . | . . . . . . . . Parts Melted 5 | . . . . . 4 . 1 Heat Transferred 2037 | . 150 . . . 1369 . 518 Parts Sabotaged . | . . . . . . . . Parts Stolen . | . . . . . . . . Parts Stripped . | . . . . . . . . Power Chain Reactions 1 | . 1 . . . . . . Missiles Intercepted . | . . . . . . . . Alert | -11 -10 -10 -10 -9 -8 -8 -7 ------- Run | Scr Mat Min Exi Min Mat Sto Fac Peak Influence 914 | . 259 235 . 59 364 914 505 Initial 415 | . . 100 . . 22 127 415 Average 260 | . 76 82 . 5 226 485 386 Maximum Alert Level 3 | . 1 1 . . 1 3 2 Low Security (%) 41 | 100 97 75 . 100 36 10 . Level 1 36 | . 2 24 . . 63 37 45 Level 2 15 | . . . . . . 29 54 Level 3 5 | . . . . . . 23 . Level 4 . | . . . . . . . . Level 5 . | . . . . . . . . High Security . | . . . . . . . . Max Security . | . . . . . . . . Squads Dispatched 14 | . 2 . . . 3 8 1 Investigation 1 | . . . . . . 1 . Extermination 1 | . . . . . . . 1 Reinforcement 7 | . 2 . . . 3 2 . Assault 1 | . . . . . . 1 . Garrison 4 | . . . . . . 4 . Intercept . | . . . . . . . . Searches Triggered . | . . . . . . . . Construction Impeded . | . . . . . . . . Haulers Reinforced . | . . . . . . . . Active Scanning Responses . | . . . . . . . . Cargo Convoy Interrupts . | . . . . . . . . Stealth | -11 -10 -10 -10 -9 -8 -8 -7 --------- Run | Scr Mat Min Exi Min Mat Sto Fac Distress Signals 6 | . 1 . . . 3 2 . Communications Jammed . | . . . . . . . . Distress Signals . | . . . . . . . . Times Spotted 120 | . 24 3 9 3 32 42 7 Peak Tracking Total 12 | . 4 3 12 4 6 5 3 Tactical Retreats 5 | . 1 . . . 1 1 2 Traps | -11 -10 -10 -10 -9 -8 -8 -7 ------- Run | Scr Mat Min Exi Min Mat Sto Fac Traps Triggered 5 | . 1 . . . 1 3 . Indirectly . | . . . . . . . . Trap Hack Attempts . | . . . . . . . . Triggered . | . . . . . . . . Disarmed . | . . . . . . . . Reprogrammed . | . . . . . . . . Reused . | . . . . . . . . Traps Extracted . | . . . . . . . . Installed . | . . . . . . . . Triggered . | . . . . . . . . Exploded 2 | . . . 2 . . . . Machines | -11 -10 -10 -10 -9 -8 -8 -7 ---------- Run | Scr Mat Min Exi Min Mat Sto Fac Machines Disabled 9 | . . . 1 . 1 7 . Max in Single Turn 2 | . . . 1 . 1 2 . Machines Sabotaged . | . . . . . . . . Garrisons Compromised . | . . . . . . . . Overloaded Fab Kills . | . . . . . . . . Hacking | -11 -10 -10 -10 -9 -8 -8 -7 --------- Run | Scr Mat Min Exi Min Mat Sto Fac Machines Accessed 14 | . 2 2 . . 4 4 2 Terminals 11 | . 2 . . . 4 3 2 Fabricators . | . . . . . . . . Repair Stations . | . . . . . . . . Recycling Units . | . . . . . . . . Scanalyzers . | . . . . . . . . Garrison Access 1 | . . . . . . 1 . Total Hacks 33 | . 5 2 . . 13 8 5 Successful 17 | . 1 2 . . 8 4 2 Failed 16 | . 4 . . . 5 4 3 Catastrophic 2 | . . . . . 1 . 1 Database Lockouts . | . . . . . . . . Manual 31 | . 5 . 1 . 13 7 5 Terminals 29 | . 5 . . . 13 6 5 Fabricators . | . . . . . . . . Repair Stations . | . . . . . . . . Recycling Units . | . . . . . . . . Scanalyzers . | . . . . . . . . Garrison Access 2 | . . . . . . 2 . Terminal Hacks 8 | . . 2 . . 4 2 . Robot Analysis 2 | . . . . . 2 . . Open Door 4 | . . 2 . . . 2 . Branch Access Points 1 | . . . . . 1 . . Terminal Index 1 | . . . . . 1 . . Fabricator Hacks . | . . . . . . . . Repair Station Hacks . | . . . . . . . . Recycling Unit Hacks . | . . . . . . . . Scanalyzer . | . . . . . . . . Garrison Access Hacks 1 | . . . . . . 1 . Unlock Access 1 | . . . . . . 1 . Unauthorized Hacks 8 | . 1 . . . 4 1 2 Terminals 8 | . 1 . . . 4 1 2 Botnet 8 | . 1 . . . 4 1 2 Fabricators . | . . . . . . . . Repair Stations . | . . . . . . . . Recycling Units . | . . . . . . . . Scanalyzers . | . . . . . . . . Garrison Access . | . . . . . . . . Data Cores Recovered . | . . . . . . . . Used . | . . . . . . . . Hacking Detections 9 | . 2 . . . 2 3 2 Full Trace Events . | . . . . . . . . Feedback Events . | . . . . . . . . Feedback Blocked . | . . . . . . . . Robot Schematics Acquired . | . . . . . . . . Robots Built . | . . . . . . . . Authchips . | . . . . . . . . Time . | . . . . . . . . Total Robot Build Rating . | . . . . . . . . Part Schematics Acquired . | . . . . . . . . Parts Built . | . . . . . . . . Authchips . | . . . . . . . . Time . | . . . . . . . . Total Part Build Rating . | . . . . . . . . Parts Repaired . | . . . . . . . . Time . | . . . . . . . . Parts Recycled . | . . . . . . . . Recycled Matter . | . . . . . . . . Retrieved Matter . | . . . . . . . . Retrieved Components . | . . . . . . . . Parts Scanalyzed . | . . . . . . . . Part Schematics Acquired . | . . . . . . . . Parts Damaged . | . . . . . . . . Bothacking | -11 -10 -10 -10 -9 -8 -8 -7 ------------ Run | Scr Mat Min Exi Min Mat Sto Fac Used RIF Installer . | . . . . . . . . Robots Hacked . | . . . . . . . . Non-combat . | . . . . . . . . Combat . | . . . . . . . . Robot Hacks Applied . | . . . . . . . . Relay Couplers Released . | . . . . . . . . Fabnet Peak Effective % . | . . . . . . . . Robots Rewired . | . . . . . . . . Allies Hacked . | . . . . . . . . Hacks Repelled . | . . . . . . . . Allies | -11 -10 -10 -10 -9 -8 -8 -7 -------- Run | Scr Mat Min Exi Min Mat Sto Fac Total Allies 3 | . . 3 . . . . . Largest Group 3 | . . 3 3 3 3 . . Highest-Rated Group 40 | . . 40 40 40 40 . . Highest-Rated Ally 16 | . . 16 16 16 16 . . Total Orders . | . . . . . . . . Ally Attacks 85 | . . . 9 4 47 25 . Total Damage 2663 | . . . 89 14 1185 1375 . Kills 23 | . . . 3 . 11 9 . Allies Corrupted . | . . . . . . . . Allies Melted 1 | . . . . . . 1 . Turrets Deployed 3 | . . . . . 1 2 . Intel | -11 -10 -10 -10 -9 -8 -8 -7 ------- Run | Scr Mat Min Exi Min Mat Sto Fac Robot Analysis Total 2 | . . . . . 2 . . Derelict Logs Recovered 1 | . . 1 . . . . . Drone Launches 7 | . . . . . 7 . . Drone Recoveries 7 | . . . . . 7 . . Exploration | -11 -10 -10 -10 -9 -8 -8 -7 ------------- Run | Scr Mat Min Exi Min Mat Sto Fac Turns Passed 6323 | 2 698 1092 576 246 1412 1438 859 Spaces Moved 3181 | 1 456 439 310 147 766 614 448 Core 3 | . . . . . . 3 . Treads 2084 | . . . 112 147 766 611 448 Legs 1094 | 1 456 439 198 . . . . Wheels . | . . . . . . . . Hover . | . . . . . . . . Flight . | . . . . . . . . Fastest Speed 120 | 120 120 120 160 160 155 155 170 Average Speed 170 | 120 120 239 179 160 159 171 170 Slowest Speed 600 | 120 120 260 190 160 160 600 170 Overloaded Moves . | . . . . . . . . Propulsion Burnouts . | . . . . . . . . Robots Hopped 1 | . . . . . 1 . . Cave-ins Triggered . | . . . . . . . . Exploration Rate (%) 54 | 2 77 84 60 49 57 87 16 Regions Visited 7 Branch Regions 4 Pre-discovered Areas . | . . . . . . . . Known Exits Taken 1 | . . . . . 1 . . Unknown Exits Taken 6 | 1 1 1 1 1 . 1 . Scrap Searched 2 | . . 2 . . . . . Spaces Dug . | . . . . . . . . Terrain Destroyed 125 | . 38 30 2 8 11 33 3 Melee . | . . . . . . . . Projectile 9 | . . . . . 2 4 3 AOE 116 | . 38 30 2 8 9 29 . Terrain Rammed . | . . . . . . . . Walls Destroyed . | . . . . . . . . Machines Disabled . | . . . . . . . . Actions | -11 -10 -10 -10 -9 -8 -8 -7 --------- Run | Scr Mat Min Exi Min Mat Sto Fac Total 3812 | 3 536 474 329 157 922 865 526 Wait 348 | . 29 27 . 10 86 161 35 Move 3172 | . 455 438 309 146 763 613 448 Hop 1 | . . . . . 1 . . Pick Up 23 | . 6 . 5 . 3 1 8 Fast Attach 47 | . 3 3 2 . 18 10 11 Attach 12 | . 3 . 2 . 6 1 . Detach 9 | . . 1 . . 6 2 . Swap 11 | . . 1 1 . 3 3 3 Drop 54 | 3 2 2 8 . 15 12 12 Fire 133 | . 38 2 2 1 21 61 8 Melee . | . . . . . . . . Ram . | . . . . . . . . Kick . | . . . . . . . . Crush 2 | . . . . . . 1 1 Escape Stasis . | . . . . . . . . Rewire . | . . . . . . . . Trap . | . . . . . . . . Miscellaneous . | . . . . . . . . Route ------- -11/Scrapyard -10/Materials (discovered 5 exits: *Mat x3 / *Min x2) -10/Mines (discovered 3 exits: *Mat x2 / *Exi) -10/Exiles -9/Mines -8/Materials (discovered 3 exits: *Fac x2 / *Sto) -8/Storage (discovered 2 exits: *Fac / Gar) -7/Factory History --------- Turn | Location | Event 3 | -11/Scrapyard | Discovered new exit (range 0) 3 | -11/Scrapyard | Entered Materials 109 | -10/Materials | Discovered new exit (range 15) 154 | -10/Materials | Discovered new exit (range 6) 315 | -10/Materials | Build established: Mutant 346 | -10/Materials | Discovered new exit (range 4) 509 | -10/Materials | Discovered new exit (range 13) 685 | -10/Materials | Discovered new exit (range 13) 701 | -10/Materials | Entered Mines 705 | -10/Mines | Found the Drone Emporium 709 | -10/Mines | Found Prototype Device 709 | -10/Mines | Identified Splice Drone Bay 716 | -10/Mines | Met a Derelict bent on vengeance 1110 | -10/Mines | Met a Derelict who couldn't figure out how to use a Trap Extractor 1358 | -10/Mines | Identified exit to Materials 1427 | -10/Mines | Discovered exit to Materials (range 9) 1614 | -10/Mines | Assisted by bots powering up and referring to "LRC-V3" 1781 | -10/Mines | Deemed a non-threat by the Exiles lab entrance 1781 | -10/Mines | Discovered new exit (range 5) 1793 | -10/Mines | Entered Exiles 1793 | -10/Exiles | Accompanied by 3 allies 1839 | -10/Exiles | Met 8R-AWN 1869 | -10/Exiles | Met EX-HEX 1926 | -10/Exiles | Met EX-BIN 1947 | -10/Exiles | Aligned with FarCom system 1949 | -10/Exiles | Given EX-Vault access code 1993 | -10/Exiles | Opened EX-Vault 2037 | -10/Exiles | Warned to stay clear of 0b10 Research branches 2070 | -10/Exiles | Exiles lab attacked by MAIN.C 2175 | -10/Exiles | Found Deploy-a-Sentry 2177 | -10/Exiles | Found Deploy-a-Sentry 2180 | -10/Exiles | Found Deploy-a-Sentry 2193 | -10/Exiles | Found Prototype Energy Gun 2198 | -10/Exiles | Found Prototype Energy Cannon 2354 | -10/Exiles | Discovered new exit (range 10) 2369 | -10/Exiles | Stole three prototypes: Deploy-a-Sentry, AWS/Thermal, Firepult 2369 | -10/Exiles | Entered Mines 2369 | -9/Mines | Accompanied by 3 allies 2586 | -9/Mines | Discovered new exit (range 7) 2591 | -9/Mines | Received a Rocket Launcher from a helpful Derelict 2615 | -9/Mines | Entered Materials 2615 | -8/Materials | Accompanied by 3 allies 2615 | -8/Materials | Evolved 4 slots: Propulsion x1, Utility x2, Weapon x1 2645 | -8/Materials | Identified AWS/Thermal 2995 | -8/Materials | Identified exit to Storage 3114 | -8/Materials | Discovered new exit (range 16) 3437 | -8/Materials | Identified Firepult 3498 | -8/Materials | DAS Turret deployed 3611 | -8/Materials | Discovered new exit (range 4) 3797 | -8/Materials | Build established: Scavenger-Skirmisher 4027 | -8/Materials | Entered Storage 4402 | -8/Storage | Build established: Gunner 4760 | -8/Storage | Identified exit to Garrison 4785 | -8/Storage | Discovered new exit (range 15) 4839 | -8/Storage | Build established: Bomber 4922 | -8/Storage | Garrison activated, responded to threat 4981 | -8/Storage | DAS Turret deployed 5148 | -8/Storage | DAS Turret deployed 5227 | -8/Storage | First assault squad dispatched 5237 | -8/Storage | Lost 3 parts (1p1u1w) 5465 | -8/Storage | Entered Factory 5465 | -7/Factory | Evolved 2 slots: Utility x2 5467 | -7/Factory | FarCom data flow suspended 5777 | -7/Factory | Build established: Gunner 6324 | -7/Factory | Self-destructed Last Messages --------------- 06215_ Connecting with Terminal... >>Trojan(Botnet) Trojan loaded successfully. Testing... Terminal linked with 1 system. Awaiting botnet instructions. 06217_ E1#0 Y%RR&U9KVXIXPGA6PJH=JBZ 06218_ R-06 Scavenger collects VTOL Module. 06239_ Dropped Med. Storage Unit. 06240_ Dropped Huge Storage Unit. 06241_ Acquired Med. Storage Unit. 06246_ Acquired Gauss Rifle. 06252_ Acquired Arm. Treads. 06255_ Acquired Prc. Rocket Launcher. 06257_ Acquired Arm. Treads. 06263_ Acquired Splice Drone Bay. 06264_ 96S|STEQCWE43F GGJLVQM#4 06270_ Dropped Med. Armor Plating. 06284_ System corrupted: Matter fused (-7). 06318_ System corrupted: Matter fused (-9). Map ----- +----------------------------------------------------+ | ?????????????????????# #??????????????? | | ?????????????????????# = #??????????????? | | ?????????????????????# ""T"" #??????????????? | | ?????????????????????# """"" #??????????????? | | ?????????? ??????????# #??????????????? | | ??????????? #################+############??????? | | ?????????? ????? | | ?????????? ????? | | ????????? ][ ????? | | ????????? ][ ????? | | ????????? ] "" "" ?????? | | ?????????????##########+##### "" ""???????? | | ???????????????????# r ## """ ""???????? | | ???????????????????# """ [ ## """??????????? | | ???????????????????# """ ## """??????????? | | ???????????????????# """ ## ??????????? | | ???????????????????# ## ??????????? | | ???????????????????# """ ## ?????????? | | ???????????????????# """ #? ?????????? | | ???????????????????# """ #? ?????????? | | ???????????????????# #? ???????????? | | ???????????????????# """ #? ?????????????? | | ???????????????????# """ #? ????????????????? | | ???????????????????# """ #?????????????????????? | | ???????????????????# #?????????????????????? | | ???????????????????# @ #?????????????????????? | | ???????????????????# " " #?????????????????????? | | ???????????????????# "Y" #?????????????????????? | | ???????????????????# """ #?????????????????????? | | ???????????????????#########?????????????????????? | | ?????????????????????????????????????????????????? | | ?????????????????????????????????????????????????? | | ?????????????????????????????????????????????????? | | ?????????????????????????????????????????????????? | | ?????????????????????????????????????????????????? | | ?????????????????????????????????????????????????? | | ?????????????????????????????????????????????????? | | ?????????????????????????????????????????????????? | | ?????????????????????????????????????????????????? | | ?????????????????????????????????????????????????? | | ?????????????????????????????????????????????????? | | ?????????????????????????????????????????????????? | | ?????????????????????????????????????????????????? | | ?????????????????????????????????????????????????? | | ?????????????????????????????????????????????????? | | ?????????????????????????????????????????????????? | | ?????????????????????????????????????????????????? | | ?????????????????????????????????????????????????? | | ?????????????????????????????????????????????????? | | ?????????????????????????????????????????????????? | +----------------------------------------------------+ Best States ------------- Heat Dissipation 48 Energy Generation 18 Energy Capacity 310 Matter Stores 311 Matter Capacity 450 Sight Range 16 Terrain Scan Density 10 Jamming Range 12 Armor Coverage 300 Resistance: KI 20 Evasion (%) 55 Targeting Accuracy 8 Recoil Reduction 7 Kinecelleration 30 Defensive Hacking 20 Item Schematics ----------------- None Robot Schematics ------------------ None Fabricated ------------ Nothing Alien Tech Used ----------------- None Achievements -------------- None Challenges ------------ None Game ------ Seed CooledVariableExtractor Manual? 0 Play Time 00:41:45 Cumulative 60.7 hours Start 2022.04.06 @ 17:40:03 End 2022.04.07 @ 18:08:37 Sessions 5 Manual Loads 0 Difficulty Rogue Special Mode None Game No. 99 Rogue 39 Adventurer 60 Explorer 0 Win Type - Total 4 Types 3/0/0/1/0/0/0/0/0 Lore% 46 Gallery% 54 Achievement% 54 Wizard Run 0 Options --------- ASCII 0 Keyboard 0 Movement Mouse Keybinds 0 Fullscreen 1 Font 20/SmallcapsGlow Map View 66x50 Tactical HUD 1 Map Filters NONE Filters NONE Steam 1 RUN: c7bb769c-490e-4dd5-b594-2517db64854a